 Dungeon Crawl Stone Soup version 0.31-a0-960-g0fca184906 (webtiles) character file.

Game seed: 13779286735715273228

66 Ekaitz the Firebug (level 3, -1/26 HPs)
             Began as a Demonspawn Fire Elementalist on Oct 23, 2023.
             Succumbed to a scorpion's poison
             ... on level 3 of the Dungeon.
             The game lasted 00:04:33 (2347 turns).

Ekaitz the Firebug (Demonspawn Fire Elementalist)   Turns: 2347, Time: 00:04:33

Health: -1/26      AC:  4    Str:  8    XL:     3   Next: 96%
Magic:  1/6        EV: 12    Int: 18    God:
Gold:   135        SH:  4    Dex: 13    Spells: 0/6 levels left

rFire   . . .        i - +0 dagger
rCold   . . .        (no shield)
rNeg    . . .        a - +0 robe
rPois   .            k - +2 hat
rElec   .            (no cloak)
rCorr   .            (no gloves)
SInv    .            (no boots)
Will    +....        c - amulet of guardian spirit
Stlth   ++           (no ring)
HPRegen 0.24/turn    (no ring)
MPRegen 0.10/turn

%: guardian spirit
@: lethally poisoned (-1 -> -11), enlightened, flying, hasted, very quick
A: condensation shield
a: no special abilities


You were on level 3 of the Dungeon.
You visited 1 branch of the dungeon, and saw 3 of its levels.

You collected 135 gold pieces.

Inventory:

Hand Weapons
 d - a +2 sling of freezing
 i - a +0 dagger (weapon)
Armour
 a - a +0 robe (worn)
 k - a +2 hat (worn)
 l - a scarf of shadows
Jewellery
 c - an amulet of guardian spirit (around neck)
Scrolls
 e - a scroll of acquirement {unknown}
 f - 3 scrolls of teleportation {unknown}
 m - a scroll of identify {unknown}
 o - a scroll of blinking {unknown}
Potions
 b - a potion of magic
 h - a potion of degeneration {unknown}
 n - a potion of curing {unknown}


   Skills:
 * Level 1.3 Fighting
 + Level 0.1 Ranged Weapons
 + Level 1.9 Dodging
 + Level 1.8 Stealth
 + Level 2.4 Spellcasting
 + Level 1.1 Conjurations
 * Level 0.2 Translocations
 * Level 3.5 Fire Magic


You couldn't memorise any spells.
You knew the following spells:

 Your Spells              Type           Power      Damage    Failure   Level
a - Foxfire               Conj/Fire      40%        2x1d6     7%          1
b - Scorch                Fire           30%        2d6       6%          2
c - Volatile Blastmotes   Fire/Tloc      18%        2d11      24%         3

Your spell library contained the following spells:

 Spells                   Type           Power      Damage    Failure   Level
 Freeze                   Ice            8%         1d3       17%         1
 Slow                     Hex            8%         N/A       17%         1
 Inner Flame              Hex/Fire       8%         N/A       24%         3
 Hailstorm                Conj/Ice       4%         3d4       38%         3
 Confusing Touch          Hex            2%         N/A       45%         3
 Frozen Ramparts          Ice            4%         1d1       45%         3
 Sigil of Binding         Hex            2%         N/A       45%         3
 Vampiric Draining        Necr           2%         2d6       45%         3
 Flame Wave               Conj/Fire      10%        2d6       54%         4
 Chain Lightning          Conj/Air       2%         3d2       100%        9
 Fire Storm               Conj/Fire      5%         8d1       100%        9
 Shatter                  Erth           1%         3d5*      100%        9


Dungeon Overview and Level Annotations

Branches:
Dungeon (3/15)

Altars:


Innate Abilities, Weirdness & Mutations

A meltable shield of frost defends you. (SH +4)


Message History

The scorpion closely misses you.
You hit the scorpion.
The scorpion is almost dead.
The scorpion stings you.
Casting: Scorch (safe; 6% risk of failure)
Confirm with . or Enter, or press ? or * to list all spells.
You miscast Foxfire.
You are very lightly contaminated with residual magic.
Nothing appears to happen.
The scorpion stings you. x2
Unknown command.
You hit the scorpion but do no damage.
The scorpion is almost dead.
The scorpion stings you.
Unknown command.
You closely miss the scorpion.
The scorpion is almost dead.
The scorpion closely misses you.
Unknown command.
You barely miss the scorpion.
The scorpion is almost dead.
The scorpion closely misses you.
You hit the scorpion but do no damage.
The scorpion is almost dead.
You block the scorpion's attack.
You hit the scorpion but do no damage.
The scorpion is almost dead.
The scorpion stings you. x2
* * * LOW HITPOINT WARNING * * *
You are lethally poisoned!
The scorpion poisons you!
Unknown command.
It was a potion of enlightenment.
You feel very buoyant.
You fly up into the air.
* * * LOW HITPOINT WARNING * * *
You feel very sick. You block the scorpion's attack.
Your magical contamination has completely faded away.
It was a potion of haste.
You feel yourself speed up.
You die...

############
#..........#########
#...................
##..@..........######
#...s.......##.......
#.#.....#############
#........##........#
#..#####..#........##
#..# ##..(.......#.
#.. #..........#. #..
+...........)
#..........#.


You could see a scorpion.

Vanquished Creatures
  2 adders (D:2)
  2 dart slugs (D:1)
  An orc (D:3)
  6 endoplasms
  2 giant cockroaches (D:2)
  3 goblins
  4 hobgoblins
  3 jackals (D:1)
  2 kobolds
  A quokka (D:1)
  4 ball pythons
  3 bats
  6 frilled lizards
  3 rats
42 creatures vanquished.

Vanquished Creatures (others)
  119 foxfires
119 creatures vanquished.

Grand Total: 161 creatures vanquished

Notes
Turn   | Place    | Note
-------+----------+-------------------------------------------
     0 | D:1      | Ekaitz the Demonspawn Fire Elementalist began the quest for
                  | the Orb.
     0 | D:1      | Reached XP level 1. HP: 13/13 MP: 3/3
   223 | D:1      | Reached skill level 3 in Fire Magic
   286 | D:1      | Gained mutation: A meltable shield of frost defends you.
                  | (SH +4) [demonic ancestry]
   286 | D:1      | Reached XP level 2. HP: 20/20 MP: 5/5
   289 | D:1      | Reached skill level 1 in Fighting
   296 | D:1      | Learned a level 2 spell: Scorch
  1008 | D:2      | Reached XP level 3. HP: 26/26 MP: 0/6
  1012 | D:2      | Learned a level 3 spell: Volatile Blastmotes
  1891 | D:3      | Identified the of Kivaes
  2116 | D:3      | Noticed a scorpion
  2347 | D:3      | Succumbed to a scorpion's poison

Illustrated notes

Levels and vault maps discovered:
D:1:      orjb1_lava_funnel, layout_loops_ring, dreamdust_princess_bridge
D:2:      layout_basic
D:3:      layout_rooms, kennysheep_jessica_study

Skill      XL: |  1  2 |
---------------+-------+-----
Fire Magic     | 3 |  3.5
Fighting       | 1 |  1.3
Ranged Weapons | |  0.1
Dodging        | |  1.9
Stealth        | |  1.8
Spellcasting   | |  2.4
Conjurations   | |  1.1
Translocations | |  0.2

Action                     || total
---------------------------++-------
  Melee: Unarmed           ||     1
         Dagger            ||    22
   Fire: Sling             ||     5
   Cast: Foxfire           ||    65
         Scorch            ||    12
    Use: Potion            ||     2
   Stab: Sleeping          ||     1
 Armour: Robe              ||    30
  Dodge: Dodged            ||    22
  Block: Other             ||     8

Table legend: (Time is in decaauts)
 A = Elapsed time spent in this place.
 B = Non-inter-level travel time spent in this place.
 C = Inter-level travel time spent in this place.
 D = Time resting spent in this place.
 E = Time spent auto-exploring this place.
 F = Levels seen in this place.
 G = Mean time per level.
                   A        B        C        D        E       F      G
               +--------+--------+--------+--------+--------+-----+--------+
         Total |   2347 |   2268 |     79 |      0 |   1943 |   3 |  782.3 |
       Dungeon |   2347 |   2268 |     79 |      0 |   1943 |   3 |  782.3 |
               +--------+--------+--------+--------+--------+-----+--------+

Top non-repeatable levels by time:
     D:2: 1081 daAuts
     D:1: 849 daAuts
     D:3: 416 daAuts
